 Dungeon Crawl Stone Soup version 0.15.2 (webtiles) character file.

10640 Heini the Basher (level 11, -14/104 HPs)
             Began as a Minotaur Fighter on Feb 3, 2015.
             Was the Champion of Okawaru.
             Demolished by Rupert
             ... wielding a +1 great mace of holy wrath
              (39 damage)
             ... on Level 3 of the Lair of Beasts.
             The game lasted 00:37:59 (11728 turns).

Heini the Basher (Minotaur Fighter)                Turns: 11728, Time: 00:37:59

HP -14/104       AC 19     Str 29      XL: 11   Next: 38%
MP   5/5         EV  8     Int  5      God: Okawaru [******]
Gold 689         SH  0     Dex 10      Spells:  0 memorised, 10 levels left

rFire  + + .     SeeInvis .     Q - +8 mace "Ketzoe" {crush, rF++ MR+}
rCold  . . .     Clarity  .     l - +0 plate armour
rNeg   . . .     rCorr    .     (no shield)
rPois  +         rRot     .     (helmet restricted)
rElec  .         Spirit   .     s - +0 cloak
SustAb .         Warding  .     (no gloves)
rMut   .         Stasis   +     r - +1 pair of boots
Gourm  .                        x - amulet of stasis
MR     ++...                    b - ring of poison resistance
                                u - ring of protection from magic

@: mighty, very resistant to hostile enchantments, extremely unstealthy
A: retaliatory headbutt, horns 2
a: Heroism, Finesse, Renounce Religion


You were on level 3 of the Lair of Beasts.
You worshipped Okawaru.
Okawaru was exalted by your worship.
You were not hungry.

You visited 3 branches of the dungeon, and saw 14 of its levels.

You collected 689 gold pieces.

Inventory:

Hand weapons
 q - a +4 flail of holy wrath
 y - a +1 flail of draining
 Q - the +8 mace "Ketzoe" (weapon) {crush, rF++ MR+}
   (You found it on level 2 of the Lair of Beasts)

   It inflicts extra damage upon your enemies.
   It greatly protects you from fire.
   It affects your resistance to hostile enchantments.
Armour
 l - a +0 plate armour (worn)
 r - a +1 pair of boots (worn)
 s - a +0 cloak (worn)
Magical devices
 c - a wand of frost (10) {unknown}
 o - a wand of fire (5)
 A - a wand of draining (6) {unknown}
 F - a wand of slowing (8) {unknown}
 H - a wand of digging (5) {unknown}
Comestibles
 d - 11 bread rations
 f - 6 meat rations
 h - 19 fruits
 m - 8 slices of pizza
 z - 3 royal jellies
 C - 6 beef jerkies
Scrolls
 i - 4 scrolls of teleportation
 p - 6 scrolls of remove curse
 t - a scroll of recharging
 v - 4 scrolls of identify
 D - 2 scrolls of blinking
 G - 2 scrolls of fear
Jewellery
 b - a ring of poison resistance (right hand)
 u - a ring of protection from magic (left hand)
 x - an amulet of stasis (around neck)
 E - a +2 ring of intelligence {unknown}
Potions
 a - 2 potions of haste
 e - 3 potions of might
 g - 3 potions of cancellation
 j - a potion of agility
 k - 9 potions of curing
 n - 3 potions of brilliance
 w - 2 potions of resistance
 B - a potion of cure mutation
 I - a potion of berserk rage
 L - a potion of mutation {unknown}
 S - a potion of poison {unknown}
Books
 K - a book of Party Tricks

   Spells                             Type                      Level
   Summon Butterflies                 Summoning                    1
   Apportation                        Translocation                1
   Blink                              Translocation                2
   Tukima's Dance                     Hexes                        3
   Alistair's Intoxication            Transmutation/Poison         4
 O - a book of Necromancy

   Spells                             Type                      Level
   Pain                               Necromancy                   1
   Animate Skeleton                   Necromancy                   1
   Vampiric Draining                  Necromancy                   3
   Regeneration                       Charms/Necromancy            3
   Animate Dead                       Necromancy                   4
   Control Undead                     Necromancy                   4


   Skills:
 * Level 11.7 Fighting
 * Level 13.6 Maces & Flails
 * Level 12.1 Armour
   Level 3.6 Shields
 + Level 1.1 Invocations


You had 10 spell levels left.
You didn't know any spells.

Dungeon Overview and Level Annotations

Branches:
Dungeon (10/15)            Temple (1/1) D:4            Lair (3/8) D:10
    Orc: D:9-12       Swamp: Lair:3-6    Shoals: Lair:3-6     Snake: Lair:3-6
 Spider: Lair:3-6

Altars:
Ashenzari
Cheibriados
Dithmenos
Elyvilon
Fedhas
Kikubaaqudgha
Makhleb
Nemelex Xobeh
Okawaru
Qazlal
Sif Muna
Trog
Vehumet
Xom
Yredelemnul
Zin
The Shining One

Shops:
D:4 *}   D:5 %%   D:6 (   D:9 (

Annotations:
D:5 exclusion: oklob plant
Lair:3 Rupert


Innate Abilities, Weirdness & Mutations

You reflexively headbutt those who attack you in melee.
You have a pair of horns on your head.


Message History

Rupert is heavily wounded.
Rupert hits you with a glowing great mace!!
Drink which item? (? for menu, Esc to quit)
You feel very mighty all of a sudden.
Rupert hits you with a glowing great mace!
* * * LOW HITPOINT WARNING * * *
You sock Rupert!
Rupert is severely wounded.
You sock Rupert! You headbutt Rupert.
Rupert is severely wounded.
Rupert hits you with a glowing great mace!!
* * * LOW HITPOINT WARNING * * *
You sock Rupert! Your headbutt misses Rupert.
Rupert is severely wounded.
Rupert hits you with a glowing great mace!
* * * LOW HITPOINT WARNING * * *
Drink which item? (? for menu, Esc to quit)
You feel much better.
Rupert hits you with a glowing great mace!!!
You die...

## ## ##P#
#####.###########P.#####
##.......................
#P......@.......#..#.####
##.#...@###....##..###
###.# ###..P.#...#### #..
#............ ##
#.#..#.P......#
................
.#....#........
###..#.##...#..
##.#...#.....###


You could see Rupert (berserk).

Vanquished Creatures
  A hill giant (D:10)
  A spiny frog (Lair:2)
  Grinder (D:6)
  4 blink frogs (Lair:3)
  4 yaks
  A human (D:8)
  A vampire (D:10)
  2 hungry ghosts (D:10)
  Grum (D:10)
  A deep elf fighter (D:10)
  A hippogriff (Lair:3)
  Edmund (D:9)
  3 water moccasins
  3 porcupines
  A phantom (D:9)
  8 wolves
  3 orc warriors
  A black bear (D:7)
  A sky beast (D:7)
  A necrophage (D:6)
  4 ogres
  4 crocodiles
  2 ice beasts
  7 centaurs
  Sigmund (D:7)
  Duvessa (D:7)
  9 giant frogs
  9 killer bees
  A wyvern skeleton (D:8)
  4 scorpions
  4 electric eels (D:10)
  A goliath beetle (D:6)
  10 wights
  4 crimson imps
  2 orc priests
  A lava snake (D:8)
  Dowan (D:7)
  7 hounds
  A giant frog skeleton (D:10)
  8 iguanas
  A jelly (D:10)
  6 orc wizards
  A centaur skeleton (D:5)
  An elf skeleton (D:9)
  Natasha (thrice) (D:3)
  6 worker ants
  4 sheep (D:8)
  Terence (D:3)
  16 adders
  28 green rats
  A worm (D:3)
  An iguana skeleton (D:5)
  4 giant geckos
  An ooze (D:3)
  35 orcs
  7 giant cockroaches
  13 hobgoblins
  A jackal (D:5)
  12 kobolds
  5 quokkas
  4 ball pythons
  22 bats
  A giant gecko zombie (D:5)
  3 giant newts
  11 goblins
  2 hobgoblin skeletons
  An orc skeleton (D:7)
  20 rats
  A rat skeleton (D:4)
  5 ballistomycetes (D:10)
  A fungus (D:5)
  7 toadstools (D:5)
346 creatures vanquished.

Vanquished Creatures (others)
  A giant spore (D:10)
  3 fungi (D:10)
  3 plants (D:10)
  9 toadstools (D:5)
16 creatures vanquished.

Grand Total: 362 creatures vanquished

Notes
Turn   | Place    | Note
--------------------------------------------------------------
     0 | D:1      | Heini, the Minotaur Fighter, began the quest for the Orb.
     0 | D:1      | Reached XP level 1. HP: 19/19 MP: 1/1
   137 | D:1      | Reached XP level 2. HP: 24/27 MP: 1/1
   443 | D:1      | Reached skill level 4 in Armour
   928 | D:2      | Reached XP level 3. HP: 31/33 MP: 2/2
  1404 | D:3      | Found a white marble altar of Elyvilon.
  1519 | D:3      | Reached XP level 4. HP: 41/41 MP: 2/2
  1539 | D:3      | Noticed Terence
  1546 | D:3      | Killed Terence
  1625 | D:3      | Noticed Natasha
  1631 | D:3      | Killed Natasha
  1631 | D:3      | Reached skill level 5 in Fighting
  1631 | D:3      | Reached skill level 5 in Armour
  1742 | D:3      | Noticed Natasha
  1745 | D:3      | Killed Natasha
  1763 | D:3      | Noticed Natasha
  1771 | D:3      | Killed Natasha
  2051 | D:4      | Reached XP level 5. HP: 48/48 MP: 2/2
  2148 | D:4      | Found Unaotrio's Gadget Boutique.
  2400 | D:4      | Found a staircase to the Ecumenical Temple.
  2409 | D:4      | Reached XP level 6. HP: 42/56 MP: 3/3
  2416 | Temple   | Entered the Ecumenical Temple
  2436 | Temple   | Became a worshipper of Warmaster Okawaru
  2739 | D:4      | Found Onom Aph's Serpentskin Sales.
  2853 | D:5      | Entered Level 5 of the Dungeon
  2889 | D:5      | Reached skill level 6 in Armour
  2933 | D:5      | Found a blossoming altar of Fedhas.
  2957 | D:5      | Noticed an oklob plant
  3255 | D:5      | Reached skill level 5 in Maces & Flails
  3265 | D:5      | Found Toc Sefu's Food Shoppe.
  3336 | D:5      | Found Wuasa's Food Shop.
  3853 | D:6      | Noticed Grinder
  3864 | D:6      | Killed Grinder
  3864 | D:6      | Acquired Okawaru's first power
  3864 | D:6      | Reached XP level 7. HP: 52/64 MP: 3/3
  4013 | D:6      | Reached skill level 7 in Armour
  4122 | D:6      | Found Wuadavuiqu's Weapon Emporium.
  4338 | D:6      | Found a shimmering altar of Xom.
  4377 | D:6      | Reached XP level 8. HP: 63/73 MP: 3/3
  4875 | D:7      | Noticed Sigmund
  4876 | D:7      | Noticed Dowan
  4881 | D:7      | Killed Dowan
  4887 | D:7      | Killed Sigmund
  4887 | D:7      | Reached skill level 8 in Armour
  4895 | D:7      | Noticed Duvessa
  4906 | D:7      | Killed Duvessa
  5095 | D:7      | Reached skill level 9 in Armour
  5246 | D:7      | Found a shadowy altar of Dithmenos.
  5385 | D:8      | Found a shattered altar of Ashenzari.
  5418 | D:8      | Reached skill level 1 in Invocations
  5469 | D:8      | Reached XP level 9. HP: 72/81 MP: 5/5
  5508 | D:8      | Found a blossoming altar of Fedhas.
  6140 | D:8      | Found a white marble altar of Elyvilon.
  6200 | D:8      | Reached skill level 10 in Armour
  6387 | D:9      | Found Douqoutz's Antique Weapon Emporium.
  6487 | D:9      | Noticed Edmund
  6496 | D:9      | Killed Edmund
  6519 | D:9      | Reached skill level 10 in Maces & Flails
  7080 | D:9      | Reached XP level 10. HP: 76/92 MP: 5/5
  7429 | D:10     | Entered Level 10 of the Dungeon
  7433 | D:10     | Reached skill level 11 in Maces & Flails
  7639 | D:10     | Acquired Okawaru's second power
  7773 | D:10     | Reached skill level 10 in Fighting
  7960 | D:10     | Found a staircase to the Lair.
  8128 | D:10     | Noticed a hill giant
  8132 | D:10     | Noticed Grum
  8138 | D:10     | Killed a hill giant
  8138 | D:10     | Reached skill level 12 in Maces & Flails
  8147 | D:10     | Killed Grum
  8461 | D:10     | HP: 4/94 [electric eel/bolt of electricity (12)]
  8471 | D:10     | HP: 4/94 [electric eel/bolt of electricity (7)]
  9650 | Lair:1   | Entered Level 1 of the Lair of Beasts
  9862 | Lair:1   | Reached XP level 11. HP: 100/102 MP: 5/5
  9930 | Lair:1   | Received a gift from Okawaru
 10390 | Lair:2   | Reached skill level 13 in Maces & Flails
 10683 | Lair:2   | Received a gift from Okawaru
 10686 | Lair:2   | Got a faintly glowing scale mail {god gift}
 10697 | Lair:2   | Identified the +1 scale mail "Ditzio" {rC+ Slay-2} (Okawaru gifted it to you on level 2 of the Lair of Beasts)
 10779 | Lair:2   | Got a brightly glowing mace
 10967 | Lair:2   | Identified the +8 mace "Ketzoe" {crush, rF++ MR+} (You found it on level 2 of the Lair of Beasts)
 11711 | Lair:3   | Noticed Rupert
 11727 | Lair:3   | HP: 1/104 [Rupert/glowing great mace (7)]
 11728 | Lair:3   | Demolished by Rupert

Action                   |  1- 3 |  4- 6 |  7- 9 | 10-12 || total
-------------------------+-------+-------+-------+-------++-------
Melee: Flail             |   103 |   154 |   320 |   382 ||   959
       Mace              |       |       |       |    81 ||    81
Invok: Heroism           |       |       |     2 |       ||     2
Evoke: Wand              |       |       |       |     1 ||     1
  Use: Scroll            |       |     9 |     6 |     8 ||    23
       Potion            |       |       |     1 |     4 ||     5
  Eat: Chunk             |     2 |     7 |    11 |    16 ||    36
